 Dungeon Crawl Stone Soup version 0.22-a0-558-gc224181 (webtiles) character file.

187145 Amnesiac the Spry (level 17, -5/98 HPs)
             Began as a Spriggan Artificer on June 27, 2018.
             Was the Champion of Ru.
             Slain by an orc warlord
             ... wielding a +0 great sword of slicing
              (27 damage)
             ... on level 2 of the Orcish Mines.
             The game lasted 02:05:05 (39420 turns).

Amnesiac the Spry (Spriggan Artificer)             Turns: 39420, Time: 02:05:06

Health: -5/98      AC:  3    Str: 13    XL:     17   Next: 87%
Magic:  0/30       EV: 31    Int: 14    God:    Ru [******]
Gold:   2099       SH:  8    Dex: 17    Spells: 9/16 levels left

rFire    x . .     SeeInvis +   a - +2 dagger (venom)
rCold    + . .     Gourm    .   m - +0 buckler
rNeg     . . .     Faith    .   W - -2 robe (curse)
rPois    .         Spirit   +   R - +2 hat
rElec    .         Reflect  .   C - scarf {repulsion}
rCorr    .         Harm     .   (gloves unavailable)
MR       ++...                  (boots unavailable)
Stlth    ++++......             l - amulet of guardian spirit
HPRegen  0.26/turn              y - ring of protection from cold
MPRegen  0.22/turn              r - ring of protection from cold

@: exhausted, drained, repel missiles, very quick
A: very small, unfitting armour, see invisible, herbivore, speed 3, slow
metabolism 2, unskilled 1, inexperienced 1, temperature sensitive
a: Draw Out Power, Power Leap, Apocalypse, Renounce Religion


You were on level 2 of the Orcish Mines.
You worshipped Ru.
Ru was exalted by your worship.
You were not hungry.

You visited 5 branches of the dungeon, and saw 22 of its levels.
You also visited: Sewer and Bailey.

You collected 2706 gold pieces.
You spent 607 gold pieces at shops.

Inventory:

Hand Weapons
 a - a +2 dagger of venom (weapon)
 b - the +8 demon blade "Bloodbane" {slice, *Rage +Rage Stlth-}
   (You took it off a deep elf mage on level 2 of the Orcish Mines)

   It inflicts extra damage upon your enemies.
   It lets you go berserk.
   It may make you go berserk in combat.
   It makes you less stealthy.
 w - a +0 blowgun
 Z - a +3 dagger of speed
Missiles
 M - 14 curare-tipped needles
 O - 45 poisoned needles
Armour
 m - a +0 buckler (worn)
 u - a +0 robe of resistance
 C - a scarf of repulsion (worn)
 J - +0 shadow dragon scales
 R - a +2 hat (worn)
 W - a cursed -2 robe (worn)
Jewellery
 c - an uncursed ring of fire
 l - an amulet of guardian spirit (around neck)
 n - an uncursed ring of protection from magic
 p - an uncursed ring of magical power
 r - a ring of protection from cold (right hand)
 s - an uncursed ring of flight
 y - a ring of protection from cold (left hand)
 E - the ring "Peid" {rF+ MP-9 Int+5}
   (You found it on level 7 of the Dungeon)

   [ring of protection from fire]

   It affects your intelligence (+5).
   It protects you from fire.
   It affects your magic capacity (-9).
Wands
 d - a wand of enslavement (8)
 g - a wand of disintegration (19)
 k - a wand of flame (26)
 X - a wand of iceblast (7)
Scrolls
 e - a scroll of fear {!r}
 j - 2 scrolls of amnesia {!r}
 q - 7 scrolls of teleportation {!r}
 B - 3 scrolls of fog {!r}
 K - 2 scrolls of enchant weapon {!r}
 L - a scroll of magic mapping {!r}
 P - 3 scrolls of identify {!r}
 T - 5 scrolls of enchant armour {!r}
 Y - a scroll of blinking {!r}
Potions
 h - 3 potions of agility {!q}
 o - 4 potions of haste {!q}
 t - a potion of curing {!q}
 v - 4 potions of magic {!q}
 x - a potion of berserk rage {!q}
 z - 3 potions of mutation {!q}
 A - 3 potions of might {!q}
 D - a potion of heal wounds {!q}
 H - 3 potions of ambrosia {!q}
 N - 4 potions of flight {!q}
 U - 2 potions of brilliance {!q}
 V - a potion of cancellation {!q}
Miscellaneous
 G - a lamp of fire
 I - the horn of Geryon
Comestibles
 f - 23 rations


   Skills:
 + Level 14.4(13.7) Fighting
 - Level 10.1(9.4) Short Blades
 + Level 12.3(11.6) Armour
 + Level 16.6(15.8) Dodging
 - Level 10.1(9.4) Stealth
 - Level 7.2(6.5) Shields
 + Level 16.0(15.2) Evocations


You had 9 spell levels left.
You knew the following spells:

 Your Spells              Type           Power        Failure   Level  Hunger
e - Confuse               Hex            #.......     65%         3    ####...
s - Conjure Flame         Conj/Fire      #.......     65%         3    ####...
z - Confusing Touch       Hex            #.....       30%         1    ##.....

Your spell library contained the following spells:

 Spells                   Type           Power        Failure   Level  Hunger
 Cause Fear               Hex            #.........   96%         4    #####..
 Fireball                 Conj/Fire      #.........   100%        5    ######.
 Throw Flame              Conj/Fire      #.....       41%         2    ###....
 Mephitic Cloud           Conj/Pois/Air  #.......     65%         3    ####...
 Venom Bolt               Conj/Pois      #.........   100%        5    ######.
 Olgreb's Toxic Radiance  Pois           #.......     96%         4    #####..
 Animate Dead             Necr           N/A          96%         4    #####..
 Pain                     Necr           #...         30%         1    ##.....
 Animate Skeleton         Necr           N/A          30%         1    ##.....
 Vampiric Draining        Necr           #.........   65%         3    ####...
 Sticky Flame             Conj/Fire      #.......     96%         4    #####..
 Regeneration             Chrm/Necr      #.........   65%         3    ####...
 Sting                    Conj/Pois      #...         30%         1    ##.....
 Spider Form              Tmut/Pois      #.........   65%         3    ####...
 Blade Hands              Tmut           #.........   100%        5    ######.
 Ice Form                 Ice/Tmut       #.......     96%         4    #####..
 Deflect Missiles         Chrm/Air       #.........   100%        6    #######
 Flame Tongue             Conj/Fire      #....        30%         1    ##.....
 Sticks to Snakes         Tmut           #.......     41%         2    ###....
 Metabolic Englaciation   Hex/Ice        #.........   100%        5    ######.
 Silence                  Hex/Air        #.........   100%        5    ######.
 Shatter                  Erth           #.........   100%        9    #######
 Lee's Rapid Deconstruct  Erth           #.........   100%        5    ######.
 Petrify                  Tmut/Erth      #.......     96%         4    #####..
 Inner Flame              Hex/Fire       #.......     65%         3    ####...
 Beastly Appendage        Tmut           #.....       30%         1    ##.....
 Discord                  Hex            #.........   100%        8    #######
 Gell's Gravitas          Tloc           #.........   65%         3    ####...
 Yara's Violent Unravell  Hex/Tmut       #.........   100%        5    ######.
 Poisonous Vapours        Pois/Air       #.....       41%         2    ###....


Dungeon Overview and Level Annotations

Branches:
Dungeon (15/15)            Temple (1/1) D:5            Lair (0/6) D:8
    Orc (2/2) D:12            Elf (0/3) Orc:2        Vaults (0/5) D:13
 Depths (3/5) D:15           Hell (1/1)                 Dis (0/7) Hell
    Geh (0/7) Hell            Coc (0/7) Hell            Tar (0/7) Hell

Altars:
Ashenzari
Cheibriados
Dithmenos
Elyvilon
Fedhas
Gozag
Hepliaklqana
Kikubaaqudgha
Makhleb
Nemelex Xobeh
Okawaru
Qazlal
Ru
Sif Muna
Trog
Uskayaw
Vehumet
Wu Jian
Xom
Yredelemnul
Zin
The Shining One

Shops:
D:7 =   D:8 *   D:13 *   D:15 *

Portals:
Hell: Depths:1 Depths:2 Depths:3
Pandemonium: Depths:3
Ziggurat: Depths:1

Annotations:
D:8 1 exclusion
Depths:2 dig


Innate Abilities, Weirdness & Mutations

You are very small and have problems with some larger weapons.
You are too small for most types of armour.
You have supernaturally acute eyesight. (SInv)
You are a herbivore.
You cover ground extremely quickly.
You need to consume almost no food.
You are somewhat unskilled. (-1 Apt)
You are somewhat inexperienced. (-2 XL)
You are sensitive to extremes of temperature. (rF-, rC-)


Message History

The orc warlord hits you with a great sword of slicing!!
You focus your will and illuminate the orc warlord in retribution!
You barely miss the orc high priest.
The orc high priest is severely wounded.
You hit the orc warlord.
The orc warlord is poisoned.
The orc warlord is moderately wounded.
The orc high priest hits you with a rapier.
You hit the orc high priest but do no damage.
The orc high priest looks as sick as possible!
The orc high priest is severely wounded.
You redirect the orc warlord's attack!
The orc warlord hits the orc high priest with a great sword of slicing!!
The orc high priest dies!
The orc warlord shouts!
You hit the orc warlord but do no damage.
The orc warlord looks even sicker.
The orc warlord is moderately wounded.
You swing at nothing.
The orc warlord is stunned by your will and fails to attack.
You hit the orc warlord but do no damage.
The orc warlord looks as sick as possible!
The orc warlord is moderately wounded.
You completely miss the orc warlord.
The orc warlord is heavily wounded.
The orc warlord hits you with a great sword of slicing!!
* * * LOW HITPOINT WARNING * * *
You hit the orc warlord but do no damage.
The orc warlord looks as sick as possible!
The orc warlord is heavily wounded.
You hit the orc warlord but do no damage.
The orc warlord looks as sick as possible!
The orc warlord is heavily wounded.
The orc warlord closely misses you.
You hit the orc warlord but do no damage.
The orc warlord looks as sick as possible!
The orc warlord is heavily wounded.
You hit the orc warlord but do no damage.
The orc warlord looks as sick as possible!
The orc warlord is heavily wounded.
You puncture the orc warlord!
The orc warlord is heavily wounded.
The orc warlord hits you with a great sword of slicing!!
* * * LOW HITPOINT WARNING * * *
x2 You focus your will and blind the orc warlord in retribution!
You hit the orc warlord but do no damage.
The orc warlord is heavily wounded.
You strike the helpless orc warlord from behind!
You impale the orc warlord!!
The orc warlord is almost dead.
The orc warlord stops glowing.
You hit the orc warlord but do no damage.
The orc warlord is almost dead.
The orc warlord closely misses you.
You barely miss the orc warlord.
The orc warlord is almost dead.
You hit the orc warlord but do no damage.
The orc warlord looks as sick as possible!
The orc warlord is almost dead.
You hit the orc warlord but do no damage.
The orc warlord looks as sick as possible!
The orc warlord is almost dead.
The orc warlord is no longer blind.
The orc warlord hits you with a great sword of slicing!!
You die...

..#.# ##.#8.8.# ...##
#.......## ...#
#.......# #### ..###
##...)..# #
..#.###...)...# #
##...# #.#......##
###.....#.##...)....#
#.#.......#......o..#
#.#.......##....@..##
..........#####..8##
..)...#....####...###
).....#.............#
.....###.........#.##
....#####.......####
....##.#....#..##
##....##....####
###........##


You could see an orc warlord.

Vanquished Creatures
  Geryon (Hell)
  3 liches (Depths:2)
  A shadow dragon (Hell)
  A frost giant (Depths:3)
  A deep elf sorcerer (Depths:2)
  A cacodemon (Hell)
  An iron dragon (Hell)
  3 war gargoyles (Hell)
  2 stone giants
  2 reapers (Hell)
  6 very ugly things
  The ghost of Tac Ych the Spry, a journeyman SpBe of Trog (Depths:1)
  A vampire knight (Depths:1)
  A deep elf annihilator (Depths:2)
  6 spark wasps
  10 ettins
  A green death (Hell)
  2 merfolk javelineers
  6 fire dragons
  A great orb of eyes (Depths:1)
  3 hydras
  3 rakshasas
  3 ice dragons
  Erolcha (Orc:1)
  A catoblepas (D:14)
  Erica (D:9)
  29 two-headed ogres
  2 dancing weapons (D:13)
  6 ogre magi
  2 centaur warriors
  7 hell hogs
  4 deep troll shamans (Depths:1)
  A deep troll earth mage (Depths:1)
  A vampire mage (Depths:3)
  3 tengu warriors
  2 spriggan berserkers (Depths:2)
  Sonja (D:14)
  A deep elf knight (Orc:2)
  A spriggan (Depths:2)
  4 soul eaters
  3 iron trolls
  4 hell knights (Depths:1)
  A sixfirhy (Hell)
  5 sun demons
  A shadow wraith (Depths:1)
  A glowing orange brain (Depths:1)
  8 skeletal warriors
  11 wizards (Depths:2)
  2 orc knights
  3 unseen horrors
  8 deep trolls
  A kraken simulacrum (Hell)
  2 orange crystal statues
  An anaconda skeleton (Hell)
  An iron dragon zombie (Hell)
  4 necromancers
  38 ugly things
  2 orc sorcerers
  6 deep elf magi
  4 manticores (D:13)
  2 cyclopes
  A salamander (Depths:3)
  3 rust devils
  3 gargoyles
  An ice statue (Hell)
  A black mamba (shapeshifter) (Depths:2)
  3 smoke demons (Hell)
  2 hellions (Hell)
  5 centaur skeletons
  An efreet (D:15)
  14 yaktaurs
  A freezing wraith (D:15)
  An anaconda simulacrum (Hell)
  12 trolls
  3 red devils (Hell)
  3 tengu conjurers
  A hydra zombie (Hell)
  3 hornets
  A hornet (shapeshifter) (Depths:2)
  11 slime creatures
  3 hydra skeletons (Hell)
  Prince Ribbit (D:8)
  A hippogriff (D:14)
  Grinder (D:3)
  A frost giant simulacrum (Hell)
  2 ice dragon zombies (Hell)
  A shadow (D:12)
  A hippogriff (shapeshifter) (D:15)
  3 wraiths
  8 fire elementals
  7 water elementals
  11 yaks
  Eustachio (D:4)
  3 wyverns
  2 vampires
  A golden eye (shapeshifter) (D:15)
  10 fire bats
  6 vampire mosquitoes
  A naga (D:15)
  3 hungry ghosts
  22 wargs
  7 hell hounds
  2 soldier ants
  2 spiny frog zombies (Hell)
  A hydra simulacrum (Hell)
  2 porcupines (D:8)
  A hornet zombie (D:9)
  6 ice beasts
  3 phantoms
  38 orc warriors
  2 black bears
  2 necrophages
  An eye of draining (D:14)
  9 boggarts
  41 ogres
  16 centaurs
  5 big kobolds
  A wyvern zombie (D:12)
  8 bullfrogs
  A spiny frog simulacrum (Hell)
  2 scorpions
  6 wights
  A vampire bat (Orc:2)
  3 howler monkeys
  2 lava snakes (D:10)
  6 crimson imps
  A bullfrog zombie (D:12)
  3 centaur zombies
  2 bullfrog skeletons
  13 orc priests
  8 hounds
  2 iron imps
  24 orc wizards
  A gnoll shaman (D:6)
  Terence (D:2)
  Natasha (twice) (D:3)
  3 iguanas
  12 worker ants
  A centaur simulacrum (D:4)
  2 ogre zombies (Orc:1)
  A hound zombie (D:9)
  A hound skeleton (D:7)
  Robin (D:3)
  14 adders
  4 gnolls
  2 shadow imps
  A howler monkey simulacrum (D:4)
  3 oozes
  An adder zombie (D:9)
  3 adder skeletons
  2 worms (D:2)
  3 dart slugs
  9 leopard geckos
  124 orcs
  6 ball pythons
  15 bats
  8 giant cockroaches
  20 goblins
  16 hobgoblins
  31 jackals
  4 frilled lizards
  A jackal zombie (D:5)
  31 kobolds
  A kobold simulacrum (Hell)
  A leopard gecko skeleton (D:4)
  A leopard gecko zombie (D:6)
  2 orc zombies (Hell)
  2 quokka skeletons (D:6)
  8 rats
  A fire vortex (D:10)
  14 fungi (D:8)
  34 plants
1002 creatures vanquished.

Vanquished Creatures (collateral kills)
  Murray (Depths:1)
  A fire giant (Depths:1)
  An iron dragon (Depths:3)
  A deep elf sorcerer (Depths:2)
  A spark wasp (Depths:3)
  A wizard (Depths:2)
  2 ugly things (Depths:3)
  A deep elf mage (Depths:2)
  The ghost of Zgarb the Caller, a novice VSSu of Ashenzari (D:4)
  A wind drake (shapeshifter) (Depths:3)
  A worker ant (D:6)
  2 gnolls (D:6)
  A howler monkey simulacrum (D:4)
15 creatures vanquished.

Vanquished Creatures (others)
  A rakshasa (Depths:1)
  An ogre mage (Depths:2)
  An orc high priest (Orc:2)
  2 two-headed ogres
  A spriggan berserker (Depths:2)
  A skeletal warrior (Hell)
  A shadow wraith (Depths:1)
  2 cyclopes
  A tengu conjurer (Depths:2)
  A spriggan (Depths:2)
  A yak (D:10)
  2 orc warriors
  A spiny frog skeleton (Hell)
  2 ogres (Orc:1)
  2 centaurs
  A crocodile (D:9)
  2 bullfrogs
  A scorpion (D:9)
  A centaur zombie (D:12)
  An iguana (D:10)
  Natasha (D:3)
  An adder (D:9)
  6 orcs
  3 kobolds
  2 fire vortices (D:10)
  10 plants
  4 tentacles (Hell)
53 creatures vanquished.

Grand Total: 1070 creatures vanquished

Notes
Turn   | Place    | Note
-------+----------+-------------------------------------------
     0 | D:1      | Amnesiac the Spriggan Artificer began the quest for the Orb.
     0 | D:1      | Reached XP level 1. HP: 9/9 MP: 4/4
   349 | D:3      | Reached XP level 2. HP: 14/14 MP: 6/6
   368 | D:3      | Noticed Robin
   377 | D:3      | Killed Robin
   377 | D:3      | Reached skill level 5 in Evocations
   477 | D:3      | Reached XP level 3. HP: 13/17 MP: 7/7
   783 | D:4      | Noticed an ogre
   983 | D:4      | Found a sacrificial altar of Ru.
   991 | D:4      | Became a worshipper of Ru the Awakened
  1122 | D:3      | Noticed Grinder
  1137 | D:3      | Killed Grinder
  1137 | D:3      | Reached skill level 5 in Dodging
  1137 | D:3      | Reached XP level 4. HP: 21/21 MP: 10/10
  1137 | D:3      | Reached XP level 5. HP: 25/25 MP: 11/11
  1689 | D:1      | Reached XP level 6. HP: 29/29 MP: 12/12
  2110 | D:2      | Found a basalt altar of Yredelemnul.
  2112 | D:2      | Noticed Terence
  2155 | D:2      | Killed Terence
  2732 | D:2      | Gained mutation: You are sensitive to extremes of temperature. (rF-, rC-) [Ru sacrifice]
  2732 | D:2      | Reached * piety under Ru
  2732 | D:2      | Reached ** piety under Ru
  3016 | D:3      | Noticed Natasha
  3031 | D:3      | Killed Natasha
  3471 | D:3      | Noticed Natasha
  3495 | D:3      | Killed Natasha
  3651 | D:4      | Found a runed gate.
  3652 | D:4      | Found a runed gate.
  3659 | D:4      | Found a runed gate.
  3698 | D:4      | Noticed Zgarb's ghost (novice VSSu)
  3700 | D:4      | Noticed an ice beast
  3701 | D:4      | Noticed an ice beast
  3896 | D:4      | Reached XP level 7. HP: 30/32 MP: 14/14
  4001 | D:4      | Noticed Eustachio
  4040 | D:4      | Killed Eustachio
  4710 | D:4      | Learned a level 1 spell: Confusing Touch
  4925 | D:3      | Noticed Natasha
  4934 | D:3      | Your ally died
  5079 | D:4      | Killed Zgarb's ghost
  5793 | D:5      | Entered Level 5 of the Dungeon
  6027 | D:5      | Found a radiant altar of Vehumet.
  6222 | D:5      | Found a staircase to the Ecumenical Temple.
  6231 | Temple   | Entered the Ecumenical Temple
  6769 | D:5      | Gained mutation: You are somewhat unskilled. (-1 Apt) [Ru sacrifice]
  6769 | D:5      | Reached *** piety under Ru
  6769 | D:5      | Reached **** piety under Ru
  6780 | D:5      | Reached XP level 8. HP: 37/37 MP: 15/15
  7398 | D:6      | Reached skill level 1 in Fighting
  7644 | D:6      | Reached skill level 5 in Short Blades
  7644 | D:6      | Reached skill level 5 in Stealth
  7644 | D:6      | Reached XP level 9. HP: 9/42 MP: 16/16
  7792 | D:6      | Learned a level 3 spell: Confuse
  7796 | D:6      | Learned a level 3 spell: Conjure Flame
  8307 | D:6      | Found a glowing drain.
  8321 | Sewer    | Entered a sewer
 10083 | D:3      | Gained mutation: You are somewhat inexperienced. (-2 XL) [Ru sacrifice]
 10083 | D:3      | Reached XP level 8. HP: 31/39 MP: 15/15
 10083 | D:3      | Reached XP level 7. HP: 31/35 MP: 14/14
 10083 | D:3      | Reached ***** piety under Ru
 10083 | D:3      | Reached ****** piety under Ru
 10226 | D:7      | Got a translucent granite ring
 10228 | D:7      | Identified the ring "Peid" {rF+ MP-9 Int+5} (You found it on level 7 of the Dungeon)
 11336 | D:7      | Reached XP level 8. HP: 37/39 MP: 9/15
 11546 | D:7      | Found Tesenis's Jewellery Shoppe.
 11550 | D:7      | Bought an uncursed amulet of guardian spirit for 450 gold pieces
 12029 | D:8      | Noticed a two-headed ogre
 12035 | D:8      | Killed a two-headed ogre
 12035 | D:8      | Reached XP level 9. HP: 24/45 MP: 0/16
 12049 | D:8      | Noticed a two-headed ogre
 12108 | D:8      | Killed a two-headed ogre
 12437 | D:8      | Found a staircase to the Lair.
 12835 | D:8      | Found Cankaf's Assorted Antiques.
 12850 | D:8      | Bought a scroll labeled QELLIQ LOELELE for 24 gold pieces
 12850 | D:8      | Bought a scroll labeled QELLIQ LOELELE for 24 gold pieces
 12887 | D:8      | Reached skill level 5 in Fighting
 13169 | D:8      | Found a bloodstained altar of Trog.
 13170 | D:8      | Noticed a wizard
 13351 | D:8      | Noticed a two-headed ogre
 13355 | D:8      | Killed a two-headed ogre
 13355 | D:8      | Reached XP level 10. HP: 53/53 MP: 17/17
 13650 | D:9      | Found a runed door.
 13659 | D:9      | Found a runed door.
 13666 | D:9      | Found a runed door.
 13673 | D:9      | Found a runed door.
 13681 | D:9      | Noticed an orange crystal statue
 13696 | D:9      | Found a shimmering altar of Xom.
 14101 | D:9      | Killed an orange crystal statue
 14162 | D:9      | Noticed Prince Ribbit
 14215 | D:8      | Killed Prince Ribbit
 14259 | D:9      | Noticed Erica
 14423 | D:9      | Killed Erica
 14571 | D:9      | Reached skill level 10 in Dodging
 14643 | D:9      | Reached skill level 10 in Evocations
 14769 | D:9      | Noticed an orc knight
 14771 | D:9      | Reached XP level 11. HP: 53/58 MP: 19/19
 14777 | D:9      | Killed an orc knight
 15054 | D:9      | Noticed an orc sorcerer
 15064 | D:9      | Killed an orc sorcerer
 15527 | D:9      | Found a deep blue altar of Sif Muna.
 15735 | D:10     | Entered Level 10 of the Dungeon
 16416 | D:10     | Identified Voisishre's Tome of Nocuous Stones
 17736 | D:12     | Found a staircase to the Orcish Mines.
 18177 | D:11     | Reached XP level 12. HP: 61/66 MP: 13/21
 18951 | D:13     | Noticed a centaur warrior
 18981 | D:13     | Killed a centaur warrior
 19436 | D:13     | Found Fofughaq's General Store.
 19707 | D:8      | Bought an embroidered robe for 88 gold pieces
 19707 | D:8      | Bought a yellow potion for 21 gold pieces
 19914 | D:13     | Found a gate to the Vaults.
 19953 | D:13     | Reached skill level 10 in Short Blades
 19953 | D:13     | Reached skill level 10 in Stealth
 20165 | D:14     | Noticed a catoblepas
 20394 | D:14     | Killed a catoblepas
 20438 | D:14     | Noticed a tengu warrior
 20443 | D:14     | Noticed a two-headed ogre
 20484 | D:14     | Found a flagged portal.
 20553 | Bailey   | Identified a paperback manual
 20553 | Bailey   | Entered a bailey
 20729 | Bailey   | Reached skill level 10 in Fighting
 21463 | D:14     | Noticed Sonja
 21467 | D:14     | Killed Sonja
 21514 | D:14     | Reached XP level 13. HP: 30/72 MP: 12/23
 22232 | D:15     | Entered Level 15 of the Dungeon
 22290 | D:15     | Identified a scroll of acquirement {!r}
 22619 | D:15     | Found a staircase to the Depths.
 22619 | D:15     | Noticed an ettin
 22622 | D:15     | Reached skill level 1 in Armour
 22636 | D:15     | Killed an ettin
 22795 | D:15     | Reached skill level 5 in Armour
 23245 | D:15     | Reached skill level 1 in Shields
 23249 | D:15     | Reached XP level 14. HP: 66/82 MP: 7/24
 23385 | D:15     | Found Uhoumets's Serpentskin Sales.
 23681 | Depths:1 | Entered Level 1 of the Depths
 23888 | Depths:1 | Reached skill level 5 in Shields
 23915 | Depths:1 | Noticed a stone giant
 24097 | Depths:1 | Killed a stone giant
 24190 | Depths:1 | Noticed a stone giant
 24209 | Depths:1 | Noticed a vampire knight
 24511 | Depths:1 | Killed a vampire knight
 24640 | Depths:1 | Got a fine amethyst amulet
 24704 | Depths:1 | Identified the amulet "Sauck" {Gourm +Fly} (You took it off a vampire knight on level 1 of the Depths)
 24789 | Depths:1 | Reached XP level 15. HP: 71/86 MP: 13/25
 24945 | Depths:1 | Found a gateway to Hell.
 25168 | Depths:1 | Found a gateway to a ziggurat.
 25425 | Depths:1 | Found a runed gate.
 25425 | Depths:1 | Found a runed gate.
 25425 | Depths:1 | Found a runed gate.
 25674 | Depths:1 | Noticed Tac Ych's ghost (journeyman SpBe)
 25886 | Depths:1 | Killed Tac Ych's ghost
 25990 | Hell     | Entered the Vestibule of Hell
 25990 | Hell     | Noticed Geryon
 26101 | Hell     | Reached skill level 10 in Armour
 26203 | Hell     | Killed Geryon
 26343 | Hell     | Noticed Murray
 26850 | Depths:1 | Killed Murray
 27621 | Hell     | Noticed an iron dragon
 27711 | Hell     | Killed an iron dragon
 27783 | Hell     | Found a gateway to the ashen valley of Gehenna.
 27874 | Hell     | Reached XP level 16. HP: 44/91 MP: 8/26
 27953 | Hell     | Found a gateway to the decaying netherworld of Tartarus.
 28032 | Hell     | Noticed a shadow dragon
 28047 | Hell     | Killed a shadow dragon
 28798 | Hell     | Found a gateway to the Iron City of Dis.
 29503 | Hell     | Found a gateway to the freezing wastes of Cocytus.
 30531 | Depths:3 | Found a one-way gate leading to the halls of Pandemonium.
 31332 | Depths:3 | Reached skill level 15 in Dodging
 31897 | Depths:2 | Noticed a lich
 31898 | Depths:2 | Killed a lich
 31990 | Depths:2 | Noticed a lich
 32040 | Depths:2 | Killed a lich
 32333 | Depths:2 | Reached XP level 17. HP: 90/96 MP: 17/29
 32397 | Depths:2 | Reached skill level 15 in Evocations
 34186 | Depths:2 | Noticed a lich
 34190 | Depths:2 | Killed a lich
 36213 | Orc:1    | Entered Level 1 of the Orcish Mines
 36219 | Orc:1    | Found a bloodstained altar of Trog.
 36919 | Orc:1    | Noticed Erolcha
 36930 | Orc:1    | Killed Erolcha
 37149 | Orc:2    | Entered Level 2 of the Orcish Mines
 38127 | Orc:2    | Found a staircase to the Elven Halls.
 39420 | Orc:2    | Slain by an orc warlord

Vault maps used:
D:1:      co_arrival_random_square_maze
D:2:      nicolae_overflow_crystal_walls, first_ration,
          kennysheep_generic_room_8, uniq_terence
D:3:      uniq_natasha, uniq_robin, uniq_grinder
D:4:      gammafunk_ghost_icy, serial_park_tiny_2, nicolae_ru_awakened_eye,
          uniq_eustachio
D:5:      kennysheep_six_static_rooms, vehumet_altar_wand_db,
          minmay_temple_entry_crystal_x
D:6:      portal_sewer_entry_d
D:7:      serial_shops, shop
D:8:      grunt_lair_entry_orc_guard_hut, serial_shops, shop,
          blue_anna_alchemist, trog_wizard
D:9:      lemuel_castle_with_subvaults, old_standard_altar, xom_confusion_cloud,
          minmay_statue_crystal_thing, uniq_erica, uniq_prince_ribbit1
D:10:     hangedman_incinerator
D:12:     orc_david_3, minmay_misc_feat_chi
D:13:     erik_vaults_1, serial_shops, shop, dk_noncrumbling_3
D:14:     enter_bailey_3, kennysheep_four_rooms, uniq_sonja
D:15:     hangedman_depths_entry_civil_slaughter, minmay_misc_feat_enclosed,
          guppyfry_shop_venom
Temple:   dpeg_five_rooms_temple
Orc:1:    lemuel_ogre_cave, basic_altar
Orc:2:    st_orc_open, roderic_batcave, elf_legates
Depths:1: enter_ziggurat_e, ebering_ghost_rock_garden, minmay_fountain_box,
          grunt_hell_entry_dis_mu, horrible_house_mu, serial_bayou_shore_a,
          serial_bayou_shore_b, serial_bayou_shore_b
Depths:2: minmay_tri_stars, hangedman_decor_riveting, hell_entry,
          skrybe_limestone_x, grunt_ministairs_10
Depths:3: kennysheep_big_flooded_room, rand_demon_pan_entry_5, hell_entry,
          serial_sigils_hangedman_scratch, kilobyte_mutagenic_chamber
Sewer:    sewer_co_scattered_pipes
Bailey:   bailey_polearm_flooded_kennysheep, bailey

Skill      XL: |  1  2  3  4  5  6  7  8  9 10 11 12 13 14 15 16 17 |
---------------+----------------------------------------------------+-----
Evocations     | 5 6 7 8 8 9 10 11 12 13 14 16 | 16.0
Dodging        | 5 6 8 9 10 11 12 13 15 16 | 16.6
Short Blades   | 2 6 7 8 10 | 10.1
Stealth        | 6 7 8 10 | 10.1
Fighting       | 3 6 7 9 10 13 14 | 14.4
Armour         | 6 8 11 12 | 12.3
Shields        | 1 7 |  7.2

Action                   |  1- 3 |  4- 6 |  7- 9 | 10-12 | 13-15 | 16-18 || total
-------------------------+-------+-------+-------+-------+-------+-------++-------
Melee: Short sword       |    41 |       |     1 |    55 |       |       ||    97
       Dagger            |    43 |       |   835 |  1003 |   708 |  1639 ||  4228
       Hunting sling     |       |       |     7 |       |       |       ||     7
 Fire: Hunting sling     |    16 |   418 |   605 |    15 |       |       ||  1054
Invok: Sacrifice Resista |       |     1 |       |       |       |       ||     1
       Power Leap        |       |       |    13 |    64 |    22 |    39 ||   138
       Sacrifice Experie |       |       |     1 |       |       |       ||     1
       Sacrifice Skill   |       |       |     1 |       |       |       ||     1
       Apocalypse        |       |       |     1 |     5 |    27 |    13 ||    46
       Draw Out Power    |       |       |       |     1 |       |       ||     1
Evoke: Wand              |    10 |    12 |    58 |    53 |    81 |    87 ||   301
       Horn of Geryon    |       |       |       |       |     1 |     3 ||     4
       Lamp of fire      |       |       |       |       |       |     4 ||     4
  Use: Scroll            |     3 |     3 |     8 |     8 |     8 |     6 ||    36
       Potion            |       |       |       |     7 |    11 |     1 ||    19
 Stab: Sleeping          |     4 |       |     5 |    16 |     3 |     3 ||    31
       Invisible         |       |       |     2 |     6 |    17 |    15 ||    40
       Paralysed         |       |       |     2 |     7 |    45 |    42 ||    96
       Distracted        |       |       |     2 |     7 |     6 |    11 ||    26
  Eat: Ration            |       |       |     6 |     6 |     4 |     8 ||    24
Armor: Robe              |     4 |    41 |    52 |    17 |       |    13 ||   127
       Troll leather arm |       |       |       |    43 |    43 |     2 ||    88
       Shadow dragon sca |       |       |       |       |       |   142 ||   142
Dodge: Dodged            |    59 |   222 |   584 |   693 |   333 |   960 ||  2851
       Deflected         |       |       |       |       |     3 |     7 ||    10
Block: Buckler           |       |       |       |       |    71 |   370 ||   441

Table legend:
 A = Spawn XP
 B = Non-spawn XP
 C = Spawn XP percentage of total XP
 D = Spawn monster count
 E = Non-spawn monster count
 F = Spawn count percentage of total count
 G = Total turns spent on level
                    A         B        C        D         E        F      G
               +---------+---------+-------+---------+---------+-------+---------
         Total |       0 |  282795 |   0.0 |       0 |     991 |   0.0 | 39420
               +---------+---------+-------+---------+---------+-------+---------
           D:1 |       0 |      62 |   0.0 |       0 |      26 |   0.0 |   699
           D:2 |       0 |     137 |   0.0 |       0 |      32 |   0.0 |  1422
           D:3 |       0 |     690 |   0.0 |       0 |      33 |   0.0 |  2011
           D:4 |       0 |     576 |   0.0 |       0 |      20 |   0.0 |  1920
           D:5 |       0 |     372 |   0.0 |       0 |      21 |   0.0 |  1272
           D:6 |       0 |    1441 |   0.0 |       0 |      33 |   0.0 |  1555
           D:7 |       0 |     993 |   0.0 |       0 |      30 |   0.0 |  1734
           D:8 |       0 |    4750 |   0.0 |       0 |      27 |   0.0 |  1597
           D:9 |       0 |    7712 |   0.0 |       0 |      70 |   0.0 |  2285
          D:10 |       0 |    2985 |   0.0 |       0 |      24 |   0.0 |  1293
          D:11 |       0 |    2597 |   0.0 |       0 |      22 |   0.0 |  1077
          D:12 |       0 |    3465 |   0.0 |       0 |      49 |   0.0 |   697
          D:13 |       0 |    7332 |   0.0 |       0 |      29 |   0.0 |  1278
          D:14 |       0 |   12533 |   0.0 |       0 |      42 |   0.0 |  1101
          D:15 |       0 |   22721 |   0.0 |       0 |      54 |   0.0 |  2158
         Orc:1 |       0 |   12312 |   0.0 |       0 |      66 |   0.0 |  1884
         Orc:2 |       0 |   17118 |   0.0 |       0 |      86 |   0.0 |  1323
      Depths:1 |       0 |   55266 |   0.0 |       0 |      78 |   0.0 |  4964
      Depths:2 |       0 |   56934 |   0.0 |       0 |      80 |   0.0 |  3445
      Depths:3 |       0 |   26762 |   0.0 |       0 |      36 |   0.0 |  1502
          Hell |       0 |   43672 |   0.0 |       0 |      72 |   0.0 |  1851
         Sewer |       0 |      60 |   0.0 |       0 |      23 |   0.0 |  1234
        Bailey |       0 |    2305 |   0.0 |       0 |      38 |   0.0 |   880
               +---------+---------+-------+---------+---------+-------+---------
